 Dungeon Crawl Stone Soup version 0.31-a0-981-geadf994542 (webtiles) character file.

Game seed: 12021812826346619101

65 Xavori the Trooper (level 4, -2/31 HPs)
             Began as a Djinni Chaos Knight on Oct 31, 2023.
             Was a Plaything of Xom.
             Slain by a black bear (4 damage)
             ... on level 3 of the Dungeon.
             The game lasted 00:01:53 (3704 turns).

Xavori the Trooper (Djinni Chaos Knight)            Turns: 3704, Time: 00:01:54

Health: -2/31      AC:  5    Str:  9    XL:     4   Next: 34%
Gold:   776        EV: 12    Int: 16    God:    Xom [*.....] SH:  0 Dex: 18

rFire   + + +        a - +0 falchion (chaos)
rCold   x . .        (no shield)
rNeg    . . .        b - +2 leather armour
rPois   ∞            (no helmet)
rElec   .            (no cloak)
rCorr   .            (no gloves)
SInv    .            (boots unavailable)
Will    .....        g - amulet of faith
Stlth   +            (no ring)
HPRegen 0.25/turn    (no ring)
MPRegen 0.00/turn

%: clarity, faith, infuse magic (-3 HP)
@: flying
A: sickness immunity, fire resistance 3, cold vulnerability 1, float, innate
caster, HP casting, extra vitality 1, fangs 1, agile 1, clarity, clever 1, frail
1, sense surroundings 1
a: Renounce Religion


You were on level 3 of the Dungeon.
You worshipped Xom.
You were a special plaything of Xom.
You visited 1 branch of the dungeon, and saw 3 of its levels.

You collected 776 gold pieces.

Inventory:

Hand Weapons
 a - a +0 falchion of chaos (weapon)
Armour
 b - a +2 leather armour (worn)
Jewellery
 e - a ring of fire
 g - an amulet of faith (around neck)
Scrolls
 c - a scroll of butterflies
 f - 2 scrolls of blinking {unknown}
 h - a scroll of enchant armour {unknown}
 i - a scroll of identify {unknown}
 k - a scroll of fear {unknown}
 n - a scroll of enchant weapon {unknown}
 o - a scroll of poison {unknown}
Potions
 d - a potion of mutation {unknown}
 j - a potion of brilliance {unknown}
 l - a potion of attraction
 m - a potion of curing {unknown}


   Skills:
 + Level 3.3 Fighting
 + Level 3.0 Long Blades
 + Level 1.7 Armour
 + Level 2.7 Dodging
 * Level 1.1 Spellcasting
 * Level 1.1 Conjurations
 * Level 1.1 Hexes
 * Level 1.1 Summonings
 * Level 1.1 Necromancy
 * Level 1.1 Translocations
 * Level 1.1 Transmutations
 * Level 1.1 Fire Magic
 * Level 1.1 Ice Magic
 * Level 1.1 Air Magic
 * Level 1.1 Earth Magic
 * Level 1.1 Poison Magic


You knew the following spells:

 Your Spells              Type           Power      Damage    Failure   Level
a - Sting                 Tmut/Pois      16%        1d3       21%         1
Your spell library was empty.

Dungeon Overview and Level Annotations

Branches:
Dungeon (3/15)

Altars:
Xom


Innate Abilities, Weirdness & Mutations

You are immune to sickness and miasma.
You are immune to poison.
Your flesh is almost immune to the effects of heat. (rF+++)
You are vulnerable to cold. (rC-)
You float through the air rather than walking.
You learn spells naturally, not from books.
Your magical power is your life essence.
You have superior vitality. (+4 MHP)
You have very sharp teeth.
You are agile. (Dex +4, Str/Int -1)
You possess an exceptional clarity of mind.
Your mind is acute. (Int +4, Str/Dex -1)
You are frail. (-10% HP)
You passively map a small area around you.


Message History

The black bear claws you but does no damage.
The black bear misses you.
You hit the black bear.
You feel better.
You bite the black bear, but do no damage.
The black bear is moderately wounded.
The black bear barely misses you. x2; The black bear misses you.
You hit the black bear.
The black bear is heavily wounded.
The black bear bites you. The black bear claws you.
The black bear barely misses you.
You hit the black bear but do no damage.
The black bear is heavily wounded.
The black bear barely misses you. The black bear claws you.
The black bear closely misses you.
You barely miss the black bear.
The black bear is heavily wounded.
The black bear bites you. The black bear claws you.
The black bear claws you but does no damage.
You are too injured to fight recklessly!
You are too injured to fight recklessly!
You hit the black bear.
You feel better.
The black bear is heavily wounded.
The black bear bites you.
The black bear claws you but does no damage. x2
You closely miss the black bear.
You bite the black bear, but do no damage.
The black bear is heavily wounded.
The black bear bites you but does no damage.
The black bear claws you.
* * * LOW HITPOINT WARNING * * *
The black bear claws you.
* * * LOW HITPOINT WARNING * * *
The black bear bites you.
* * * LOW HITPOINT WARNING * * *
The black bear claws you but does no damage. x2
You hit the black bear but do no damage.
The black bear is heavily wounded. "Serve the toy, my child!"
The black bear bites you.
You die...

# #.#.###.#.######. * ,
####.#.............. ,
.....#####.#.#######, ,
, ###.....<#.#.......#.
, ...^.....#.#.........
###.#....#.##..######..
, *
###+#....#.##..........
* ,
.........#.##..5####. ,
* .........#......@h.#
* .....[...##.....####*
, .......#.##.....#
####...#.##.....# ,
#.###.##.....# *,
#.....##.....# ,* ,
########.....# ###### ,
*


You could see a black bear (ally target) and a friendly crimson imp (summoned).

Vanquished Creatures
  2 adders (D:2)
  A dart slug (D:1)
  6 bats
  2 endoplasms (D:2)
  A giant cockroach (D:2)
  3 goblins
  7 hobgoblins
  2 jackals (D:1)
  A quokka (D:2)
  3 ball pythons
  6 frilled lizards
  6 kobolds
  3 rats
43 creatures vanquished.

Notes
Turn   | Place    | Note
-------+----------+-------------------------------------------
     0 | D:1      | Xavori the Djinni Chaos Knight began the quest for the Orb.
     0 | D:1      | Reached XP level 1. HP: 20/20 MP: 0/0
   167 | D:1      | Reached XP level 2. HP: 24/25 MP: 0/0
   179 | D:1      | XOM: silly message
   210 | D:1      | XOM: scenery: create altars
   255 | D:1      | XOM: god gift: dagger {god gift}
   424 | D:1      | XOM: fog
   617 | D:1      | Reached XP level 3. HP: 30/30 MP: 0/0
   617 | D:1      | Learned a level 1 spell: Sting
  1842 | D:1      | XOM: god gift: orange potion {god gift}
  2137 | D:1      | XOM: cloud trail
  2236 | D:1      | XOM: cloud trail
  2316 | D:1      | XOM: scenery: summon butterflies
  2379 | D:1      | XOM: give mutations
  2379 | D:1      | Gained mutation: Your flesh is almost immune to the effects
                  | of heat. (rF+++) [Xom's grace]
  2379 | D:1      | Gained mutation: You have very sharp teeth. [Xom's grace]
  2379 | D:1      | Gained mutation: You possess an exceptional clarity of
                  | mind. [Xom's grace]
  2379 | D:1      | Gained mutation: You passively map a small area around you.
                  | [Xom's grace]
  2625 | D:1      | XOM: give mutations
  2625 | D:1      | Gained mutation: Your spells are a little harder to cast,
                  | but a little more powerful. [Xom's grace]
  2625 | D:1      | Gained mutation: You are agile. (Dex +4, Str/Int -1) [Xom's
                  | grace]
  2749 | D:1      | XOM: god gift: 650 gold pieces
  2756 | D:2      | XOM: give mutation
  2756 | D:2      | Gained mutation: Your mind is acute. (Int +4, Str/Dex -1)
                  | [Xom's grace]
  2857 | D:2      | XOM is BORED!
  2857 | D:2      | XOM: give mutations
  2857 | D:2      | Lost mutation: Your spells are a little harder to cast, but
                  | a little more powerful. [Xom's mischief]
  2857 | D:2      | Gained mutation: You are frail. (-10% HP) [Xom's mischief]
  2887 | D:2      | Reached skill level 1 in Spellcasting
  2887 | D:2      | Reached skill level 1 in Conjurations
  2887 | D:2      | Reached skill level 1 in Hexes
  2887 | D:2      | Reached skill level 1 in Summonings
  2887 | D:2      | Reached skill level 1 in Necromancy
  2887 | D:2      | Reached skill level 1 in Translocations
  2887 | D:2      | Reached skill level 1 in Transmutations
  2887 | D:2      | Reached skill level 1 in Fire Magic
  2887 | D:2      | Reached skill level 1 in Ice Magic
  2887 | D:2      | Reached skill level 1 in Air Magic
  2887 | D:2      | Reached skill level 1 in Earth Magic
  2887 | D:2      | Reached skill level 1 in Poison Magic
  2893 | D:2      | XOM: god gift: war axe {god gift}
  2907 | D:2      | Reached XP level 4. HP: 28/31 MP: 0/0
  3172 | D:2      | Found a shimmering altar of Xom.
  3234 | D:2      | XOM: god gift: scratched agate ring {god gift}
  3249 | D:2      | XOM: scenery: 1 doors open
  3544 | D:2      | XOM: god gift: 36 gold pieces
  3693 | D:3      | Noticed a black bear
  3704 | D:3      | XOM: summons friendly crimson imp
  3704 | D:3      | Slain by a black bear

Illustrated notes

Levels and vault maps discovered:
D:1:      erik_arrival_triangle_large, layout_loops_cross
D:2:      layout_basic, basic_altar, kennysheep_generic_room_7
D:3:      layout_basic, mainiacjoe_overflow_alcove_1, basic_ecumenical_altar,
          minmay_misc_feat_square

Skill      XL: |  1  2  3 |
---------------+----------+-----
Long Blades    | 3 |  3.0
Spellcasting   | 1 |  1.1
Conjurations   | 1 |  1.1
Hexes          | 1 |  1.1
Summonings     | 1 |  1.1
Necromancy     | 1 |  1.1
Translocations | 1 |  1.1
Transmutations | 1 |  1.1
Fire Magic     | 1 |  1.1
Ice Magic      | 1 |  1.1
Air Magic      | 1 |  1.1
Earth Magic    | 1 |  1.1
Poison Magic   | 1 |  1.1
Fighting       | |  3.3
Armour         | |  1.7
Dodging        | |  2.7

Action                     |  1- 3 |  4- 6 || total
---------------------------+-------+-------++-------
  Melee: Falchion          |    89 |    42 ||   131
         Bite              |     1 |     7 ||     8
    Use: Potion            |     1 |       ||     1
   Stab: Sleeping          |       |     2 ||     2
 Armour: Leather armour    |    54 |    43 ||    97
  Dodge: Dodged            |    58 |    37 ||    95

Table legend: (Time is in decaauts)
 A = Elapsed time spent in this place.
 B = Non-inter-level travel time spent in this place.
 C = Inter-level travel time spent in this place.
 D = Time resting spent in this place.
 E = Time spent auto-exploring this place.
 F = Levels seen in this place.
 G = Mean time per level.
                   A        B        C        D        E       F      G
               +--------+--------+--------+--------+--------+-----+--------+
         Total |   3724 |   3612 |    112 |   2085 |   1207 |   3 | 1241.3 |
       Dungeon |   3724 |   3612 |    112 |   2085 |   1207 |   3 | 1241.3 |
               +--------+--------+--------+--------+--------+-----+--------+

Top non-repeatable levels by time:
     D:1: 2762 daAuts
     D:2: 864 daAuts
     D:3: 96 daAuts
